 Dungeon Crawl Stone Soup version 0.17-a0-2101-g0c122e7 (webtiles) character file.

9548 brucemayne the Severer (level 11, 0/89 HPs)
             Began as a Hill Orc Monk on Oct 18, 2015.
             Was the Champion of Makhleb.
             Slain by an unseen horror (3 damage)
             ... on level 12 of the Dungeon.
             The game lasted 00:41:04 (5303 turns).

brucemayne the Severer (Hill Orc Monk)              Turns: 5303, Time: 00:41:04

Health: 0/89       AC: 19    Str: 23    XL:     11   Next: 48%
Magic:  15/15      EV:  9    Int: 14    God:    Makhleb [******]
Gold:   476        SH:  0    Dex:  8    Spells: 0 memorised, 10 levels left

rFire  . . .     SeeInvis +     J - +3 war axe
rCold  x . .     Clarity  .     w - +2 chain mail {MR+}
rNeg   . . .     SustAt   .     (no shield)
rPois  .         Gourm    .     (no helmet)
rElec  +         Spirit   .     i - +1 cloak
rCorr  .         Warding  .     (no gloves)
rMut   .         Rnd*Tele +     X - +0 pair of boots of Kepiw {MR+ Int+4}
MR     ++...                    K - amulet of Neogizig {Inacc rElec rC- Dex-5 SInv}
Stlth  ..........               k - ring of teleportation (curse)
                                g - +3 ring of protection

@: mighty, very resistant to hostile enchantments, extremely unstealthy
A: no striking features
a: Minor Destruction, Lesser Servant of Makhleb, Major Destruction, Greater
Servant of Makhleb, Renounce Religion, Evoke Teleportation


You were on level 12 of the Dungeon.
You worshipped Makhleb.
Makhleb was exalted by your worship.
You were not hungry.

You visited 3 branches of the dungeon, and saw 15 of its levels.
You also visited: Bailey.

You collected 686 gold pieces.
You spent 210 gold pieces at shops.

Inventory:

Hand Weapons
 e - a +3 mace
 o - a +0 blowgun
 r - a +0 spear
 E - a +0 hand axe of electrocution
 F - a +0 flail of crushing
 G - a +0 war axe
 H - a +0 club
 J - a +3 war axe (weapon)
 Q - a +1 whip of venom
 S - a +0 dagger of venom
Missiles
 m - 3 curare-tipped needles
 p - 36 poisoned needles
Armour
 i - a +1 cloak (worn)
 v - a +0 ring mail
 w - a +2 chain mail of magic resistance (worn)
 T - a cursed -2 chain mail
 X - the +0 pair of boots of Kepiw (worn) {MR+ Int+4}
   (You found it on level 11 of the Dungeon)

   It affects your intelligence (+4).
   It affects your resistance to hostile enchantments.
Jewellery
 f - an uncursed amulet of rage
 g - a +3 ring of protection (left hand)
 k - a cursed ring of teleportation (right hand)
 l - an uncursed ring of protection from fire
 s - a +2 ring of intelligence
 u - an uncursed ring of protection from fire
 x - an uncursed amulet of the gourmand
 K - the amulet of Neogizig (around neck) {Inacc rElec rC- Dex-5 SInv}
   (You found it on level 7 of the Dungeon)

   [amulet of inaccuracy]

   It reduces the accuracy of all your attacks.
   It affects your dexterity (-5).
   It makes you vulnerable to cold.
   It insulates you from electricity.
   It lets you see invisible.
Wands
 j - a wand of frost (40)
 y - a wand of cold (0)
 z - a wand of paralysis (6)
 A - a wand of lightning (8)
 O - a wand of slowing (28)
 R - a wand of digging (4)
Scrolls
 d - 5 scrolls of enchant weapon
 q - a scroll of noise {unknown}
 B - a scroll of amnesia
 C - a scroll of recharging
 N - a scroll of fear {unknown}
 V - 2 scrolls of acquirement {unknown}
 W - 6 scrolls of enchant armour
 Y - a scroll of identify
Potions
 c - a potion of magic
 h - a potion of degeneration {unknown}
 D - 3 potions of lignification
 L - a potion of might
 M - a potion of flight {unknown}
 U - a potion of brilliance
Books
 t - a book of Clouds

   Spells                             Type                      Level
   a - Mephitic Cloud                 Conjuration/Poison/Air       3
   b - Conjure Flame                  Conjuration/Fire             3
   c - Poisonous Cloud                Conjuration/Poison/Air       6
   d - Freezing Cloud                 Conjuration/Ice/Air          6
   e - Ring of Flames                 Charms/Fire                  7
Comestibles
 b - 7 bread rations
 n - a beef jerky
 I - 2 meat rations
 P - 6 slices of pizza


   Skills:
 + Level 6.1 Fighting
 - Level 16.5(16.7) Axes
 - Level 3.7(10.2) Maces & Flails
 + Level 7.8 Armour
 - Level 2.4 Dodging
 - Level 1.5 Stealth
 - Level 4.6 Unarmed Combat
 - Level 6.2 Evocations


You had 10 spell levels left.
You didn't know any spells.

Dungeon Overview and Level Annotations

Branches:
Dungeon (13/15)            Temple (1/1) D:4            Lair (0/8) D:9
    Orc (1/4) D:11
 Vaults: D:13-14

Altars:
Cheibriados
Fedhas
Kikubaaqudgha
Makhleb
Nemelex Xobeh
Qazlal
Ru
Trog
Vehumet
Zin
The Shining One

Shops:
D:10 !   D:11 %[*%[   Orc:1 }


Message History

An unseen horror comes into view.
The unseen horror hits you but does no damage.
Unknown command.
Drink which item? (? for menu, Esc to quit)
Okay, then.
You slash the unseen horror!
The unseen horror is almost dead.
The unseen horror hits you but does no damage.
Unknown command.
The unseen horror hits you but does no damage.
You barely miss the unseen horror.
The unseen horror is almost dead.
The unseen horror closely misses you. The unseen horror hits you.
* * * LOW HITPOINT WARNING * * *
You closely miss the unseen horror.
The unseen horror is almost dead.
The unseen horror hits you but does no damage.
The unseen horror hits you.
You die...

...#
#......##......####
....###....>#####..###
..........## #..#
.........## #..#
.###...## ##.# ##.##
#.# #.## #.# ##x# #@#
###


You could see an unseen horror (invisible).

Vanquished Creatures
  Sonja (D:10)
  An ugly thing (D:11)
  2 hill giants (D:11)
  3 orc knights
  Psyche (D:10)
  A gargoyle (D:12)
  A troll (D:10)
  A deep elf mage (D:9)
  A yak (D:7)
  3 humans
  A hog (D:7)
  A hippogriff (D:8)
  Edmund (D:6)
  3 porcupines (D:9)
  A sky beast (D:9)
  12 orc warriors
  A phantom (D:9)
  5 ogres
  2 centaurs
  3 ice beasts
  4 giant frogs
  3 scorpions
  A water moccasin skeleton (D:9)
  7 wights
  A crimson imp (D:5)
  7 orc priests
  3 iguanas
  2 jellies
  5 orc wizards
  A hound (D:5)
  5 worker ants
  3 sheep
  A hound zombie (D:6)
  3 hound skeletons
  8 adders
  2 river rats (D:9)
  15 gnolls
  2 shadow imps (D:10)
  An ooze (D:4)
  An adder skeleton (D:6)
  A worm (D:6)
  6 giant geckos
  102 orcs
  2 ball pythons
  3 giant cockroaches
  3 hobgoblins
  7 jackals
  4 quokkas
  3 bats
  A giant cockroach zombie (D:5)
  A giant gecko skeleton (D:6)
  A giant newt (D:2)
  2 goblins
  4 kobolds
  2 rats
262 creatures vanquished.

Notes
Turn   | Place    | Note
--------------------------------------------------------------
     0 | D:1      | brucemayne the Hill Orc Monk began the quest for the Orb.
     0 | D:1      | Reached XP level 1. HP: 19/19 MP: 1/1
   239 | D:2      | Reached XP level 2. HP: 17/26 MP: 2/2
   257 | D:2      | Reached skill level 1 in Maces & Flails
   394 | D:3      | Reached XP level 3. HP: 27/31 MP: 3/3
   428 | D:4      | Noticed an ogre
   631 | D:3      | Reached XP level 4. HP: 15/39 MP: 4/4
   684 | D:3      | Reached skill level 1 in Axes
   737 | D:3      | Found a sparkling altar of Nemelex Xobeh.
   803 | D:4      | Reached XP level 5. HP: 28/45 MP: 5/5
   973 | D:4      | Noticed a scorpion
   978 | D:4      | Killed a scorpion
  1005 | D:4      | Killed an ogre
  1005 | D:4      | Reached skill level 6 in Axes
  1005 | D:4      | Reached XP level 6. HP: 40/51 MP: 6/6
  1123 | D:5      | Entered Level 5 of the Dungeon
  1133 | D:5      | Reached skill level 1 in Armour
  1175 | D:5      | Reached XP level 7. HP: 48/57 MP: 7/7
  1330 | D:5      | Reached skill level 7 in Axes
  1399 | D:4      | Found a bloodstained altar of Trog.
  1399 | D:4      | Found a blossoming altar of Fedhas.
  1402 | D:4      | Found a radiant altar of Vehumet.
  1489 | D:6      | Noticed Edmund
  1536 | D:5      | Reached skill level 8 in Axes
  1666 | D:5      | Found a snail-covered altar of Cheibriados.
  1700 | D:6      | Found an ancient bone altar of Kikubaaqudgha.
  1775 | D:7      | Reached XP level 8. HP: 23/64 MP: 8/8
  1816 | D:7      | Found a glowing silver altar of Zin.
  1821 | D:7      | Got a bound garnet amulet
  1826 | D:7      | Identified the amulet of Neogizig {Inacc rElec rC- Dex-5 SInv} (You found it on level 7 of the Dungeon)
  1887 | D:7      | Found a sacrificial altar of Ru.
  2069 | D:5      | Reached skill level 5 in Armour
  2094 | D:5      | Reached skill level 9 in Axes
  2214 | D:4      | Found a staircase to the Ecumenical Temple.
  2226 | Temple   | Entered the Ecumenical Temple
  2231 | Temple   | Became a worshipper of Makhleb the Destroyer
  2231 | Temple   | Reached * piety under Makhleb
  2231 | Temple   | Reached ** piety under Makhleb
  2327 | D:6      | Killed Edmund
  2397 | D:7      | Noticed a human
  2397 | D:7      | Noticed a hog
  2397 | D:7      | Noticed a yak
  2406 | D:7      | Killed a hog
  2421 | D:7      | Killed a yak
  2421 | D:7      | Reached skill level 10 in Axes
  2448 | D:7      | Killed a human
  2448 | D:7      | Reached XP level 9. HP: 29/70 MP: 9/9
  2452 | D:7      | Reached skill level 11 in Axes
  2777 | D:9      | Found a staircase to the Lair.
  2822 | D:10     | Entered Level 10 of the Dungeon
  3009 | D:10     | Reached skill level 12 in Axes
  3041 | D:10     | Noticed Sonja
  3049 | D:10     | Killed Sonja
  3049 | D:10     | Reached skill level 13 in Axes
  3225 | D:9      | Reached *** piety under Makhleb
  3240 | D:9      | Reached skill level 14 in Axes
  3249 | D:9      | Reached XP level 10. HP: 28/77 MP: 10/10
  3450 | D:9      | Reached skill level 15 in Axes
  3667 | D:10     | Found Ruank's Distillery.
  3672 | D:10     | Bought a potion of heal wounds for 70 gold pieces
  3672 | D:10     | Bought a potion of haste for 140 gold pieces
  3696 | D:10     | Noticed Psyche
  3711 | D:10     | Killed Psyche
  3782 | D:11     | Noticed an orc knight
  3807 | D:11     | Killed an orc knight
  3807 | D:11     | Reached skill level 16 in Axes
  3809 | D:11     | Reached **** piety under Makhleb
  3837 | D:11     | Found Xustaom's Armour Boutique.
  3864 | D:11     | Found Togulode's Food Boutique.
  3882 | D:11     | Noticed a hill giant
  3895 | D:11     | Found Bidetir's General Store.
  4022 | D:11     | Killed a hill giant
  4022 | D:11     | Reached skill level 1 in Evocations
  4115 | D:11     | Noticed a red ugly thing
  4116 | D:11     | Got a pair of faintly humming boots
  4151 | D:11     | Identified the +0 pair of boots of Kepiw {MR+ Int+4} (You found it on level 11 of the Dungeon)
  4176 | D:11     | Found a staircase to the Orcish Mines.
  4203 | D:11     | Reached ***** piety under Makhleb
  4229 | Orc:1    | Entered Level 1 of the Orcish Mines
  4345 | Orc:1    | Found Cameehio's Gadget Shoppe.
  4467 | Orc:1    | Found a flagged portal.
  4496 | Bailey   | Entered a bailey
  4615 | Bailey   | Reached XP level 11. HP: 58/85 MP: 13/13
  4619 | Bailey   | Noticed an orc knight
  4620 | Bailey   | Noticed an orc knight
  4627 | Bailey   | Killed an orc knight
  4640 | Bailey   | Reached skill level 5 in Evocations
  4643 | Bailey   | Killed an orc knight
  4682 | Bailey   | Noticed an orc knight
  4682 | Bailey   | Noticed an orc knight
  4912 | D:11     | Found Qedenel's Food Shop.
  4913 | D:11     | Found Wirphosh's Antique Armour Shoppe.
  4930 | D:11     | Noticed a hill giant
  4941 | D:11     | Killed a hill giant
  4957 | D:11     | Noticed a white ugly thing
  5011 | D:11     | Reached skill level 5 in Fighting
  5052 | D:11     | Killed a white ugly thing
  5141 | D:12     | Reached ****** piety under Makhleb
  5273 | D:13     | Noticed a skeletal warrior
  5296 | D:12     | HP: 2/89 [something (6)]
  5297 | D:12     | Noticed an unseen horror
  5301 | D:12     | HP: 2/89 [unseen horror (1)]
  5303 | D:12     | Slain by an unseen horror

Vault maps used:
D:1:      co_arrival_random_square_maze
D:2:      kennysheep_generic_room_8
D:3:      nemelex_xobeh_ov_fountains_minmay
D:4:      nicolae_overflow_hidden_temple, minmay_temple_entry_statues_fountains,
          first_bread
D:5:      lemuel_doored_altar
D:6:      kiku_gazebo_pond_becter, uniq_edmund
D:7:      zin_statuary, grunt_livestock, nicolae_ru_path_of_blood
D:9:      dpeg_lair_monsters, uniq_maurice
D:10:     serial_shops, nicolae_shop_statue_plus, uniq_psyche, uniq_maud,
          uniq_sonja
D:11:     hiddenorc2_lemuel, special_room, serial_shops,
          nicolae_shop_behind_doors, nicolae_shop_trees, shop, shop, shop,
          corexii_hall_statues_s, okawaru_humans
D:12:     minmay_octo_star
Temple:   triangle_lava_temple_12
Orc:1:    lemuel_ogre_cave, lightli_bailey_entry_fortress, basic_altar,
          serial_shops, shop, nicolae_orc_rockfall
Bailey:   bailey_polearm_5, bailey

Action                   |  1- 3 |  4- 6 |  7- 9 | 10-12 || total
-------------------------+-------+-------+-------+-------++-------
Melee: Mace              |    35 |    39 |    10 |       ||    84
       Unarmed           |     5 |       |       |       ||     5
       Hand axe          |       |     1 |       |       ||     1
       War axe           |       |       |   302 |   398 ||   700
 Fire: Blowgun           |    10 |    31 |    14 |    25 ||    80
 Abil: Evoke Berserk Rag |       |       |     1 |     9 ||    10
Evoke: Wand              |       |       |     7 |    10 ||    17
  Use: Scroll            |     3 |       |    11 |    10 ||    24
       Potion            |       |       |       |     9 ||     9
 Stab: Sleeping          |     3 |       |       |       ||     3
       Paralysed         |       |       |     6 |     3 ||     9
       Distracted        |       |       |       |     1 ||     1
  Eat: Chunk             |       |     1 |     6 |    11 ||    18
       Pizza             |       |       |     1 |       ||     1
       Beef jerky        |       |       |       |     2 ||     2
